 Dungeon Crawl Stone Soup version 0.28-a0-1152-g9c71ebef14 (webtiles) character file.

Game seed: 1047567659191144384

1 spaghetti the Sneak (level 1, -5/18 HPs)
             Began as a Mummy Delver on Dec 14, 2021.
             Slain by a killer bee zombie (7 damage)
             ... on level 6 of the Dungeon.
             The game lasted 00:00:53 (448 turns).

spaghetti the Sneak (Mummy Delver)                   Turns: 448, Time: 00:00:54

Health: -5/18      AC:  3    Str: 15    XL:     1   Next: 16%
Magic:  1/1        EV: 11    Int:  9    God:
Gold:   19         SH:  0    Dex: 13    Spells: 0/0 levels left

rFire   x . .      SeeInvis .   a - +0 falchion {long}
rCold   + . .      Faith    .   (no shield)
rNeg    + + +      Spirit   .   b - +0 leather armour
rPois   ∞          Reflect  .   (no helmet)
rElec   .          Harm     .   (no cloak)
rCorr   .          Rampage  .   (no gloves)
Will    .....                   (no boots)
Stlth   ++........              (no amulet)
HPRegen 0.06/turn               (no ring)
MPRegen 0.07/turn               (no ring)

@: no status effects
A: cold resistance 1, negative energy resistance 3, torment resistance 2, heat
vulnerability 1, no potions
a: no special abilities


You were on level 6 of the Dungeon.
You visited 1 branch of the dungeon, and saw 3 of its levels.

You collected 19 gold pieces.


Innate Abilities, Weirdness & Mutations

You are immune to poison.
Your flesh is cold resistant. (rC+)
You are immune to negative energy. (rN+++)
You are immune to unholy pain and torment.
You are vulnerable to heat. (rF-)
You do not drink.


   Skills:
 + Level 3.1 Fighting
 - Level 1.5 Long Blades
 - Level 1.5 Dodging
 - Level 4.1 Stealth


You couldn't memorise any spells.
You didn't know any spells.
Your spell library was empty.

Inventory:

Hand Weapons
 a - a +0 falchion (weapon) {long}
Armour
 b - a +0 leather armour (worn)
Wands
 f - a wand of digging (1)
Scrolls
 c - a scroll of fog
 d - a scroll of magic mapping {!r}

Dungeon Overview and Level Annotations

Branches:
Dungeon (6/15)
 Temple: D:4-7

Altars:

Annotations:
D:6 Dowan, Duvessa

#.# #.# #.#
##.#
#.#########..#
#.....Z......#
...###e####.##
##.## #.# #Z@#
#.# #..#.# #.#
#.##.# #.# #..
#.# #.# ..#
#.# .# #.. #..
≈. #.# #/#


You could see Duvessa, a killer bee zombie and a bullfrog skeleton.


Message History

😎 HP[+7]
Your hp is fully restored (18).
You see here a +0 chain mail.
An orc comes into view. It is wielding a +0 dagger.
You start waiting.
Done waiting.
Unknown command.
You start waiting.
Done waiting.
Unknown command.
Found a stone staircase leading down.
No target in view!
g - a scroll labelled FIALYKHLEUDO
As you read the scroll labelled FIALYKHLEUDO, it crumbles to dust.
You feel strangely unstable.
It was a scroll of teleportation.
Unknown command.
(D) Dungeon
Where to? (Enter - D:4, ? - help)
An orc and an orc wizard come into view.
The orc wizard shouts!
The orc shouts!
The orc throws a boomerang.
The boomerang hits you!
Ouch! That really hurt!
* * * LOW HITPOINT WARNING * * *
The orc wizard mumbles some strange words.
The orc wizard flickers and vanishes!
Deactivating autopickup; reactivate with Ctrl-A.
You hear a shout!
There is a stone staircase leading down here. 😨 HP[-9]
You take 9 damage, and now have 9/18 hp.
MASSIVE DAMAGE!! (PAUSE)
You climb downwards.
Reactivating autopickup.
There is a stone staircase leading up here. 😮 HP[+1] Unknown command.
Unknown command.
You start resting.
Your surroundings suddenly seem different.
A centaur and Dowan come into view.
Dowan is wielding a +2 dagger of pain.
Unknown command.
Unknown command.
Okay, then.
As you read the scroll of fear, it crumbles to dust.
You assume a fearsome visage.
Dowan looks frightened!
Dowan shouts!
The centaur looks frightened!
You hear a shout!
Dowan casts a spell.
Dowan blinks!
Unknown command.
Duvessa, Sister of Dowan comes into view.
She is wielding a +0 rapier.
Duvessa shouts!
Unknown command.
Unknown command.
A bullfrog skeleton comes into view.
The centaur shouts, "No!
I'll never do that again!"
Unknown command.
The centaur gives up.
There are monsters nearby!
Unknown command.
Unknown command.
Okay, then. 😮 HP[+1]
The bullfrog skeleton hits you.
* * * LOW HITPOINT WARNING * * *
😨 HP[-2]
You take 2 damage, and now have 9/18 hp.
The bullfrog skeleton closely misses you.
Okay, then.
Unknown command.
The bullfrog skeleton hits you.
* * * LOW HITPOINT WARNING * * *
😨 HP[-2]
You take 2 damage, and now have 7/18 hp.
The bullfrog skeleton hits you.
* * * LOW HITPOINT WARNING * * *
😱 HP[-6]
You take 6 damage, and now have 1/18 hp.
MASSIVE DAMAGE!! (PAUSE)
Okay, then.
Okay, then.
Aiming: Dig
Press: ? - help, Shift-Dir - straight line A rock wall.
The rock shatters into small pieces.
A killer bee zombie comes into view.
The bullfrog skeleton barely misses you.
Okay, then.
You can't drink.
Aiming: Dig
Press: ? - help, Shift-Dir - straight line A rock wall.
The rock shatters into small pieces.
The bullfrog skeleton closely misses you.
The killer bee zombie barely misses you.
The killer bee zombie hits you!
You die...

Action                   || total
-------------------------++-------
Melee: Falchion          ||     7
Evoke: Wand              ||     2
  Use: Scroll            ||     2
Armor: Leather armour    ||     2
Dodge: Dodged            ||    10

Levels and vault maps discovered:
D:4:      layout_loops_ring, slow_altar_2
D:5:      layout_loops_ring, serial_shops, nicolae_shop_behind_doors
D:6:      layout_loops_ring, elyvilon_altar_4, kiku_gazebo_pond_becter,
          gammafunk_ghost_cemetery, hangedman_decor_growths,
          hangedman_decor_points, minmay_manual_maat, uniq_duvessa,
          uniq_crazy_yiuf_cottage

Notes
Turn   | Place    | Note
-------+----------+-------------------------------------------
     0 | D:5      | spaghetti the Mummy Delver began the quest for the Orb.
     0 | D:5      | Reached XP level 1. HP: 18/18 MP: 1/1
     0 | D:5      | magus.rc [v1.9.6]
   413 | D:5      | Noticed an orc wizard
   416 | D:6      | Noticed Dowan
   416 | D:6      | Noticed a centaur
   418 | D:6      | Noticed Duvessa
   443 | D:6      | HP: 1/18 [bullfrog skeleton (6)]
   448 | D:6      | Slain by a killer bee zombie

Vanquished Creatures
  A quokka (D:5)
1 creature vanquished.

Table legend:
 A = Non-vault XP
 B = Vault XP
 C = Vault XP percentage of total XP
 D = Non-vault monster count
 E = Vault monster count
 F = Vault count percentage of total count
                 A         B        C        D         E       F
            +---------+---------+-------+---------+---------+-------
      Total |       2 |       0 |   0.0 |       1 |       0 |   0.0
            +---------+---------+-------+---------+---------+-------
        D:5 |       2 |       0 |   0.0 |       1 |       0 |   0.0
            +---------+---------+-------+---------+---------+-------

Illustrated notes

Table legend:
 A = Kills in this place as a percentage of kills in entire the game.
 B = Kills by you in this place as a percentage of kills by you in the entire game.
 C = Kills by friends in this place as a percentage of kills by friends in the entire game.
 D = Other kills in this place as a percentage of other kills in the entire game.
 E = Experience gained in this place as a percentage of experience gained in the entire game.
 F = Experience gained in this place divided by the number of levels of this place that you have seen.
                   A       B       C       D       E      F
               +-------+-------+-------+-------+-------+----------------------
         Total | 100.0 | 100.0 |   N/A |   N/A | 100.0 |   0.7
       Dungeon | 100.0 | 100.0 |   N/A |   N/A | 100.0 |   0.7
               +-------+-------+-------+-------+-------+----------------------

Table legend: (Time is in decaauts)
 A = Elapsed time spent in this place.
 B = Non-inter-level travel time spent in this place.
 C = Inter-level travel time spent in this place.
 D = Time resting spent in this place.
 E = Time spent auto-exploring this place.
 F = Levels seen in this place.
 G = Mean time per level.
                   A        B        C        D        E       F      G
               +--------+--------+--------+--------+--------+-----+--------+
         Total |    449 |    437 |     12 |    315 |     58 |   3 |  149.7 |
       Dungeon |    449 |    437 |     12 |    315 |     58 |   3 |  149.7 |
               +--------+--------+--------+--------+--------+-----+--------+

Top non-repeatable levels by time:
     D:5: 415 daAuts
     D:6: 32 daAuts
     D:4: 1 daAuts
